 Dungeon Crawl Stone Soup version 0.29.1-15-g9cfb28693d (webtiles) character file.

Game seed: 745004591211790758

14 nickaroo1289 the Grave Robber (level 2, 0/20 HPs)
             Began as a Ghoul Necromancer on Mar 15, 2023.
             Slain by a kobold
             ... wielding a +0 dagger
              (1 damage)
             ... on level 1 of the Dungeon.
             The game lasted 00:04:38 (282 turns).

nickaroo1289 the Grave Robber (Ghoul Necromancer)    Turns: 282, Time: 00:04:40

Health: 0/20       AC:  2    Str: 11    XL:     2   Next: 41%
Magic:  0/4        EV: 12    Int: 10    God:
Gold:   27         SH:  0    Dex:  9    Spells: 4/5 levels left

rFire   . . .      SeeInvis .   (no weapon)
rCold   + . .      Faith    .   (no shield)
rNeg    + + +      Spirit   .   a - +0 robe
rPois   ∞          Reflect  .   (no helmet)
rElec   .          Harm     .   (no cloak)
rCorr   .          Rampage  .   (no gloves)
Will    .....                   (no boots)
Stlth   ++........              (no amulet)
HPRegen 0.00/turn               (no ring)
MPRegen 0.09/turn               (no ring)

@: inhibited regen
A: claws 1, cold resistance 1, negative energy resistance 3, inhibited
regeneration, torment resistance 2, devour on kill
a: no special abilities


You were on level 1 of the Dungeon.
You visited 1 branch of the dungeon, and saw 1 of its levels.

You collected 27 gold pieces.

Inventory:

Armour
 a - a +0 robe (worn)
Scrolls
 d - a scroll of vulnerability {unknown}
 f - a scroll of fear {unknown}
Potions
 b - 2 potions of magic
 c - 2 potions of curing {unknown}
 g - 2 potions of attraction {unknown}


   Skills:
 + Level 0.1 Throwing
 + Level 1.7 Dodging
 - Level 2.2 Stealth
 + Level 2.0 Spellcasting
 * Level 4.3 Necromancy


You had 4 spell levels left.
You knew the following spells:

 Your Spells              Type           Power      Damage    Failure   Level
a - Necrotise             Necr           36%        1d5       5%          1

Your spell library contained the following spells:

 Spells                   Type           Power      Damage    Failure   Level
 Vampiric Draining        Necr           9%         2d6       16%         3
 Animate Dead             Necr           9%         N/A       45%         4
 Agony                    Necr           9%         N/A       82%         5


Dungeon Overview and Level Annotations

Branches:
Dungeon (1/15)

Altars:


Innate Abilities, Weirdness & Mutations

You are immune to poison.
You have sharp fingernails.
Your flesh is cold resistant. (rC+)
You are immune to negative energy. (rN+++)
You do not regenerate when monsters are visible.
You are immune to unholy pain and torment.
You thrive by killing the living.


Message History

Aiming: Necrotise (safe; 5% risk of failure)
Press: ? - help, Q - select action, (/) - cycle Shift-Dir - straight line, p - kobold The kobold writhes in agony.
Your jackal skeleton bites the kobold but does no damage.
Your jackal skeleton barely misses the kobold.
The kobold misses you.
The kobold hits your jackal skeleton with a +0 dagger.
Your jackal skeleton is destroyed!
The kobold shouts!
The kobold hits you but does no damage. The kobold attacks as you move away!
The kobold barely misses you. The kobold attacks as you move away!
The kobold misses you. The kobold attacks as you move away!
The kobold barely misses you. The kobold attacks as you move away!
The kobold closely misses you.
You see here a curare-tipped dart.
Throw: 2 darts (curare)
Press: ? - help, Shift-Dir - straight line, f - kobold
Aim: a kobold, wielding a +0 dagger (severely wounded, 43% to hit)
You throw a curare-tipped dart.
The curare-tipped dart misses the kobold.
The curare-tipped dart hits the kobold.
The kobold is poisoned.
The kobold convulses.
You kill the kobold!
You feel better. The kobold closely misses you.
Throw: dart (curare)
Press: ? - help, Shift-Dir - straight line, f/p - kobold
Aim: a kobold, wielding a +0 dagger (severely wounded, 43% to hit)
You throw a curare-tipped dart.
The curare-tipped dart closely misses the kobold.
The kobold hits you with a +0 dagger.
* * * LOW HITPOINT WARNING * * *
The kobold hits you with a +0 dagger.
* * * LOW HITPOINT WARNING * * *
Aiming: Necrotise (safe; 5% risk of failure)
Press: ? - help, Q - select action Shift-Dir - straight line, f/p - kobold
Aim: a kobold, wielding a +0 dagger (moderately wounded, chance to affect: 76%)
The kobold barely resists.
The kobold hits you with a +0 dagger.
You die...

..##....##...............##.#
..................⌠...⌠.....#
..##....##.........###...##...
..##.#..##.#####...'<#...#
...........# #...###...#
######.##### #..⌠...⌠..# #.#
#.........# #.# ###...##....#
..# #..@K.(###### ####
#$##.#.#### ####>##..)...#
.....##$.....####
##............. #..$...#..###.
####..(...# #####.## .#


You could see a kobold.

Vanquished Creatures
  An endoplasm (D:1)
  A goblin (D:1)
  4 hobgoblins (D:1)
  A jackal (D:1)
  A bat (D:1)
  A frilled lizard (D:1)
  3 kobolds (D:1)
12 creatures vanquished.

Notes
Turn   | Place    | Note
-------+----------+-------------------------------------------
     0 | D:1      | nickaroo1289 the Ghoul Necromancer began the quest for the
                  | Orb.
     0 | D:1      | Reached XP level 1. HP: 14/14 MP: 2/2
   125 | D:1      | Reached XP level 2. HP: 20/20 MP: 0/4
   131 | D:1      | Found a faded altar of an unknown god.
   279 | D:1      | HP: 1/20 [kobold/+0 dagger (3)]
   282 | D:1      | Slain by a kobold

Illustrated notes

Levels and vault maps discovered:
D:1:      scummos_arrival_simple_fountains, layout_loops_cross,
          hellmonk_ecumenical_altar_prayer_group

Skill      XL: |  1 |
---------------+----+-----
Spellcasting   | 2 |  2.0
Throwing       | |  0.1
Dodging        | |  1.7
Stealth        | |  2.2
Necromancy     | |  4.3

Action                   || total
-------------------------++-------
Melee: Unarmed           ||     4
Throw: Dart              ||     8
 Cast: Necrotise         ||    14
Armor: Robe              ||     3
Dodge: Dodged            ||    15
